AoeStats
← Urg5665

Arabia

509961141Analyzed
1v1 RM · 4d ago on Sep 28, 2026· 32m 56s· 2 players
Game mode
Random Map
Map size
Tiny (2 player)
Population
200
Speed
Normal
Resources
Standard
Victory
Conquest
Starting age
Dark Age
Ending age
Imperial Age
RankedLock teamsTeams togetherTeam positionsShared explorationLock speedFull tech treeHidden civsTurbo modeCheats
Victory
Defeat
🇺🇸 Ethiopians · United States
1299
+15
🇷🇺 Japanese · Russia
1264
-14
Urg5665
5:16 Loom
8:31 Feudal Age
8:36 Man-at-Arms
9:04 Double-Bit Axe
13:27 Fletching
21:07 Castle Age
21:46 Bodkin Arrow
21:40 Crossbowman
27:41 Horse Collar
29:15 Bow Saw
30:00 Thumb Ring
31:45 Wheelbarrow
32:58 Ballistics
nemik
10:23 Feudal Age
10:35 Loom
14:48 Castle Age
13:46 Scale Barding Armor
13:52 Forging
15:57 Forging
29:07 Squires
28:52 Arson
29:48 Chain Barding Armor
Connection lost

Rejoining the realm…

Still unreachable

The connection could not be restored.

Session expired

The server has moved on; the page needs a fresh start.